 Dungeon Crawl Stone Soup version 0.17-a0-702-gb3a3556 (webtiles) character file.

681 Shacut the Covered (level 7, 0/61 HPs)
             Began as a Minotaur Fighter on Apr 19, 2015.
             Was a Follower of Trog.
             Succumbed to a killer bee's poison
             ... on level 7 of the Dungeon.
             The game lasted 00:45:52 (3064 turns).

Shacut the Covered (Minotaur Fighter)               Turns: 3064, Time: 00:45:52

Health: 0/61       AC: 13    Str: 22    XL:     7   Next: 34%
Magic:  6/6        EV: 12    Int:  5    God:    Trog [*.....]
Gold:   207        SH: 10    Dex: 10    Spells: 0 memorised, 6 levels left

rFire  + . .     SeeInvis +     h - +0 long sword
rCold  + . .     Clarity  .     I - +0 chain mail
rNeg   . . .     SustAb   .     c - +0 shield
rPois  +         Gourm    .     (helmet restricted)
rElec  +         Spirit   .     (no cloak)
rCorr  +         Warding  .     r - +0 pair of gloves
rMut   .         Stasis   .     (no boots)
MR     .....                    (no amulet)
Stlth  ..........               s - ring of see invisible
                                j - +5 ring of evasion

@: lethally poisoned (0 -> -16), resistant, not resistant to hostile
enchantments, extremely unstealthy
A: retaliatory headbutt, claws 1, horns 2, slimy green scales 1, poison
resistance
a: Burn Spellbooks, Berserk, Renounce Religion


You were on level 7 of the Dungeon.
You worshipped Trog.
Trog was aware of your devotion.
You were not hungry.

You visited 1 branch of the dungeon, and saw 5 of its levels.

You collected 207 gold pieces.

Inventory:

Hand weapons
 a - a +0 long sword
 h - a +0 long sword (weapon)
 x - a +0 hunting sling
 B - a +0 halberd
 F - a +0 blowgun
 L - a +0 morningstar
 M - a +0 rapier of holy wrath
Missiles
 m - 110 arrows
 o - 82 stones (quivered)
 H - 14 poisoned needles
Armour
 b - a +0 scale mail
 c - a +0 shield (worn)
 g - a +0 ring mail
 q - a +1 leather armour of fire resistance
 r - a +0 pair of gloves (worn)
 y - a +0 ring mail
 D - a +0 chain mail
 I - a +0 chain mail (worn)
Jewellery
 j - a +5 ring of evasion (left hand)
 n - an uncursed ring of wizardry
 s - a ring of see invisible (right hand)
 A - an uncursed ring of see invisible
 G - a +2 ring of protection
Magical devices
 J - a wand of fireball (6)
Scrolls
 i - a scroll of magic mapping {unknown}
 k - 3 scrolls of amnesia
 p - 3 scrolls of identify
 t - a scroll of remove curse
 u - a scroll of fog {unknown}
 v - a scroll of fear {unknown}
 w - a scroll of enchant weapon {unknown}
 C - a scroll of teleportation
 O - a scroll of noise {unknown}
 P - a scroll of blinking {unknown}
Potions
 e - a potion of might
 z - 2 potions of invisibility
Books
 Q - a book of Cantrips

   Spells                             Type                      Level
   a - Corona                         Hexes                        1
   b - Animate Skeleton               Necromancy                   1
   c - Summon Small Mammal            Summoning                    1
   d - Apportation                    Translocation                1
   Trog disapproves of the use of such an item.
Comestibles
 d - 4 bread rations
 f - a meat ration
 K - 3 fruits


   Skills:
 + Level 5.0 Fighting
 + Level 4.3 Long Blades
 + Level 0.2 Throwing
 + Level 6.4 Armour
 + Level 3.3 Dodging
 + Level 0.3 Stealth
 + Level 5.9 Shields


You had 6 spell levels left.
You didn't know any spells.

Dungeon Overview and Level Annotations

Branches:
Dungeon (7/15)
 Temple: D:4-7

Altars:
Trog

Annotations:
D:7 Prince Ribbit


Innate Abilities, Weirdness & Mutations

You reflexively headbutt those who attack you in melee.
You have a pair of horns on your head.
You have sharp fingernails.
You are partially covered in slimy green scales (AC +2).
Your system is resistant to poisons.


Message History

You are lethally poisoned!
* * * LOW HITPOINT WARNING * * *
You feel sick. The killer bee closely misses you.
The killer bee closely misses you. The killer bee stings you.
* * * LOW HITPOINT WARNING * * *
You are more poisoned.
The killer bee poisons you! The killer bee barely misses you.
You furiously retaliate!
You headbutt the killer bee!
You kill the killer bee!
Trog accepts your kill.
It was a potion of resistance.
You feel protected.
* * * LOW HITPOINT WARNING * * *
You feel sick.
The killer bee stings you but does no damage.
You block the killer bee's attack.
It was a potion of mutation.
You feel extremely strange.
Slimy green scales grow over part of your body.
You feel resistant to poisons.
Your fingernails lengthen.
You die...

#..≈≈≈≈§§≈≈≈≈≈≈≈≈.
#.≈≈≈≈≈§≈≈≈≈≈≈≈≈..
#.≈≈≈≈≈≈≈≈≈≈......
#...≈≈≈≈≈≈≈.......
#........≈≈.......
#.......≈≈........
#........≈........
##.................
###†@.###############
#..y### #..### #.#
#.. #.. .... y. .


You could see a killer bee.

Vanquished Creatures
  Eustachio (D:4)
  A phantom (D:4)
  A sky beast (D:7)
  3 killer bees (D:7)
  A crimson imp (D:4)
  2 worker ants (D:4)
  An orc wizard (D:3)
  4 adders (D:3)
  A shadow imp (D:4)
  A river rat (D:4)
  3 oozes
  An adder skeleton (D:4)
  2 worms (D:2)
  4 giant geckos
  8 orcs
  13 bats
  A bat zombie (D:4)
  2 giant cockroaches (D:2)
  7 goblins
  12 hobgoblins
  4 quokkas
  3 giant newts
  8 jackals
  A jackal skeleton (D:4)
  8 kobolds
  11 rats
  2 bushes (D:4)
106 creatures vanquished.

Notes
Turn   | Place    | Note
--------------------------------------------------------------
     0 | D:1      | Shacut, the Minotaur Fighter, began the quest for the Orb.
     0 | D:1      | Reached XP level 1. HP: 19/19 MP: 0/0
    66 | D:1      | Reached XP level 2. HP: 22/27 MP: 1/1
   161 | D:1      | Reached skill level 4 in Fighting
   475 | D:1      | Reached XP level 3. HP: 33/33 MP: 2/2
   957 | D:2      | Reached skill level 1 in Dodging
  1087 | D:2      | Found a bloodstained altar of Trog.
  1107 | D:2      | Became a worshipper of Trog the Wrathful
  1208 | D:3      | Reached XP level 4. HP: 20/41 MP: 3/3
  1873 | D:3      | Reached XP level 5. HP: 47/47 MP: 4/4
  1938 | D:3      | Acquired Trog's first power
  2635 | D:4      | Noticed Eustachio
  2694 | D:4      | Reached skill level 5 in Armour
  2710 | D:4      | Killed Eustachio
  2710 | D:4      | Reached skill level 5 in Shields
  2710 | D:4      | Reached XP level 6. HP: 25/55 MP: 5/5
  2799 | D:4      | Noticed a phantom
  2830 | D:4      | Killed a phantom
  2891 | D:4      | You fall through a shaft for 3 floors!
  2917 | D:7      | Noticed Prince Ribbit
  3038 | D:7      | Reached skill level 6 in Armour
  3049 | D:7      | Reached XP level 7. HP: 33/60 MP: 6/6
  3053 | D:7      | Reached skill level 5 in Fighting
  3062 | D:7      | HP: 2/61 [killer bee (5)]
  3064 | D:7      | Gained mutation: You are partially covered in slimy green scales (AC +2). [potion of mutation]
  3064 | D:7      | Gained mutation: Your system is resistant to poisons. [potion of mutation]
  3064 | D:7      | Gained mutation: You have sharp fingernails. [potion of mutation]
  3064 | D:7      | Succumbed to a killer bee's poison

Action                   |  1- 3 |  4- 6 |  7- 9 || total
-------------------------+-------+-------+-------++-------
Melee: Long sword        |   104 |   266 |    12 ||   382
Throw: Stone             |       |     1 |       ||     1
  Use: Scroll            |       |     8 |       ||     8
       Potion            |       |       |     3 ||     3
  Eat: Pizza             |     1 |     1 |       ||     2
       Meat ration       |       |     1 |       ||     1
